 Dungeon Crawl Stone Soup version 0.27-b1-42-g19c61b19a5 (webtiles) character file.

Game seed: 6673671206278930927

7429 shadowrider38 the Severer (level 10, -1/117 HPs)
             Began as a Minotaur Berserker on July 30, 2021.
             Was an Elder of Trog.
             Slain by a yak (7 damage)
             ... on level 9 of the Dungeon.
             The game lasted 00:36:32 (12570 turns).

shadowrider38 the Severer (Minotaur Berserker)     Turns: 12570, Time: 00:36:33

Health: -1/117     AC: 17    Str: 24    XL:     10   Next: 93%
Magic:  9/9        EV:  3    Int:  4    God:    Trog [****..]
Gold:   374        SH: 17    Dex:  7    Spells: 9/9 levels left

rFire    + . .     SeeInvis +   a - +2 war axe (vorpal)
rCold    . . .     Faith    .   k - +0 tower shield
rNeg     . . .     Spirit   .   R - +0 plate armour
rPois    .         Reflect  +   (helmet restricted)
rElec    .         Harm     .   (no cloak)
rCorr    .         Rampage  .   C - +0 pair of gloves
Will     .....     Rnd*Rage +   i - +0 pair of boots Stlth ..........Rnd*Tele +
                                F - amulet of reflection
HPRegen  0.29/turn              s - ring of see invisible
MPRegen  0.11/turn              E - ring of protection from fire

@: berserking, very quick
A: horns 2, retaliatory headbutt, berserk 1, clumsy 2, teleportitis 1
a: Renounce Religion, Berserk, Trog's Hand, Brothers in Arms


You were on level 9 of the Dungeon.
You worshipped Trog.
Trog was greatly pleased with you.
You visited 1 branch of the dungeon, and saw 10 of its levels.

You collected 374 gold pieces.

Inventory:

Hand Weapons
 a - a +2 vorpal war axe (weapon)
 B - a +0 glaive
 D - a +1 trident of holy wrath
 I - a +0 hand axe
 L - a +0 war axe
 S - a +4 halberd
Missiles
 z - 2 throwing nets (quivered)
 H - 63 arrows
Armour
 i - a +0 pair of boots (worn)
 k - a +0 tower shield (worn)
 A - the +4 ring mail of Asmahik {rC+ Str+4}
   (You found it on level 5 of the Dungeon)

   Str:       It affects your strength (+4).
   rC:        It protects you from cold.
 C - a +0 pair of gloves (worn)
 R - a +0 plate armour (worn)
 T - +0 steam dragon scales
Jewellery
 s - a ring of see invisible (left hand)
 w - an amulet of guardian spirit
 E - a ring of protection from fire (right hand)
 F - an amulet of reflection (around neck)
Wands
 l - a wand of flame (6)
 y - a wand of polymorph (9)
 O - a wand of acid (11)
 Q - a wand of digging (6)
 U - a wand of charming (8)
Scrolls
 d - 3 scrolls of immolation
 e - 3 scrolls of magic mapping
 f - a scroll of summoning {unknown}
 j - 2 scrolls of fear
 n - 3 scrolls of enchant weapon {unknown}
 o - 3 scrolls of amnesia {unknown}
 p - 3 scrolls of fog {unknown}
 q - 2 scrolls of noise {unknown}
 u - a scroll of acquirement {unknown}
 K - a scroll of vulnerability {unknown}
 P - 3 scrolls of teleportation {unknown}
Potions
 b - a potion of invisibility {unknown}
 c - 2 potions of mutation {unknown}
 g - 4 potions of curing
 h - a potion of cancellation
 m - 5 potions of flight {unknown}
 r - a potion of attraction
 t - a potion of degeneration
 v - 2 potions of heal wounds {unknown}
 x - 4 potions of lignification {unknown}
 G - a potion of might {unknown}
 J - a potion of ambrosia {unknown}
 N - 2 potions of haste


   Skills:
 - Level 4.1 Fighting
 - Level 0.8(1.0) Short Blades
 - Level 0.7(1.0) Long Blades
 - Level 15.9(16.0) Axes
 - Level 1.0(10.8) Polearms
 - Level 0.7(1.0) Staves
 - Level 0.8(1.0) Slings
 - Level 2.0 Bows
 - Level 0.7 Crossbows
 - Level 0.5(0.8) Throwing
 + Level 10.1 Armour
 - Level 2.4 Dodging
 - Level 0.1 Stealth
 - Level 1.2 Shields
 - Level 0.6 Unarmed Combat
 - Level 0.5 Invocations
 - Level 0.4 Evocations


You had 9 spell levels left.
You didn't know any spells.
Your spell library was empty.

Dungeon Overview and Level Annotations

Branches:
Dungeon (10/15)            Temple (0/1) D:5
   Lair: D:8-11         Orc: D:9-12

Altars:
Dithmenos
Elyvilon
Gozag
Hepliaklqana
Nemelex Xobeh
Okawaru
Ru
Trog
Wu Jian

Annotations:
D:10 exclusion: obsidian statue


Innate Abilities, Weirdness & Mutations

You have a pair of horns on your head.
You reflexively headbutt those who attack you in melee.
You tend to lose your temper in combat.
You are very clumsy. (Dex -4)
You are occasionally teleported next to monsters.


Message History

You reflect the arrow off an invisible shield around you!
The arrow closely misses the centaur.
The centaur unwields a +0 shortbow.
You block the centaur's attack. x2
The yak gores you!
Things that are here:
a yak corpse; a yak corpse You slash the centaur!
You kill the centaur!
Trog accepts your kill.
You slash the yak! You block the yak's attack.
Your Armour skill increases to level 10!
You slice the yak!!
The yak is heavily wounded.
You hit the yak but do no damage. You block the yak's attack.
The yak gores you but does no damage.
Your shield prevents you from hitting the yak.
The yak is heavily wounded.
You slash the yak! The yak gores you. You block the yak's attack.
The yak gores you!
* * * LOW HITPOINT WARNING * * *
You slash the yak!
The yak is almost dead.
You block the yak's attack.
You slash the yak!
You kill the yak!
Trog accepts your kill.
There is a stone staircase leading up here.
The yak gores you.
* * * LOW HITPOINT WARNING * * *
You climb upwards.
There is a stone staircase leading down here.
You barely miss the yak. The yak gores you.
* * * LOW HITPOINT WARNING * * *
You slash the yak! Your headbutt misses the yak.
The yak is moderately wounded.
The yak gores you but does no damage. The yak gores you!
* * * LOW HITPOINT WARNING * * *
A red film seems to cover your vision as you go berserk!
You feel yourself moving faster!
You feel mighty! The yak gores you!
You die...

### #..
#.#
#######Y#
.......@#
#########


You could see a yak.

Vanquished Creatures
  Erolcha (D:10)
  Pikel (D:6)
  A deep elf pyromancer (D:10)
  A cyclops (D:10)
  Maggie (D:6)
  Psyche (D:8)
  Prince Ribbit (D:7)
  Eustachio (D:6)
  A wraith (D:10)
  9 yaks (D:10)
  A steam dragon (D:10)
  A water moccasin (D:7)
  A sky beast (D:7)
  An ice beast (D:5)
  An ogre (D:5)
  A black bear (D:4)
  3 orc warriors
  3 phantoms
  4 centaurs
  A scorpion (D:6)
  2 wyvern zombies (D:8)
  7 wights
  5 killer bees
  2 howler monkeys
  A bullfrog zombie (D:6)
  4 jellies
  4 hounds
  3 centaur zombies
  2 orc priests (D:8)
  A gnoll shaman (D:10)
  A bullfrog skeleton (D:6)
  2 iguanas
  8 orc wizards
  2 killer bee zombies (D:8)
  2 human simulacra (D:9)
  A hound zombie (D:5)
  A howler monkey zombie (D:5)
  Robin (D:2)
  7 gnolls
  A howler monkey skeleton (D:5)
  5 adders
  A white imp (D:5)
  An ufetubus (D:6)
  An adder skeleton (D:3)
  3 dart slugs (D:1)
  22 orcs
  7 bats
  3 endoplasms
  3 giant cockroaches (D:1)
  14 goblins
  8 hobgoblins
  2 jackals (D:2)
  A quokka (D:3)
  4 ball pythons
  4 frilled lizards
  6 kobolds
  5 rats
182 creatures vanquished.

Vanquished Creatures (others)
  A kobold (D:8)
1 creature vanquished.

Grand Total: 183 creatures vanquished

Notes
Turn   | Place    | Note
-------+----------+-------------------------------------------
     0 | D:1      | shadowrider38 the Minotaur Berserker began the quest for
                  | the Orb.
     0 | D:1      | Reached XP level 1. HP: 19/19 MP: 0/0
   217 | D:1      | Reached XP level 2. HP: 8/27 MP: 1/1
   237 | D:1      | Reached skill level 4 in Axes
  1023 | D:2      | Found a faded altar of an unknown god.
  1029 | D:2      | Reached XP level 3. HP: 32/33 MP: 2/2
  1064 | D:2      | Noticed Robin
  1084 | D:1      | Reached ** piety under Trog
  1145 | D:2      | Killed Robin
  1146 | D:2      | Reached skill level 5 in Axes
  1565 | D:2      | Reached XP level 4. HP: 40/40 MP: 3/3
  1908 | D:3      | Reached skill level 1 in Shields
  3303 | D:4      | Reached skill level 6 in Axes
  3321 | D:4      | Reached XP level 5. HP: 46/46 MP: 4/4
  3410 | D:4      | Reached *** piety under Trog
  3651 | D:4      | Reached skill level 7 in Axes
  3706 | D:4      | Noticed a black bear
  3712 | D:4      | Killed a black bear
  3713 | D:4      | Reached XP level 6. HP: 52/52 MP: 5/5
  3742 | D:4      | Found a glowing drain.
  4023 | D:5      | Entered Level 5 of the Dungeon
  4186 | D:5      | Noticed an ice beast
  4198 | D:5      | Killed an ice beast
  4199 | D:5      | Reached skill level 8 in Axes
  4536 | D:5      | Noticed Eustachio
  4544 | D:5      | Found a staircase to the Ecumenical Temple.
  4615 | D:6      | Killed Eustachio
  4616 | D:6      | Reached skill level 9 in Axes
  4616 | D:6      | Reached XP level 7. HP: 24/59 MP: 3/6
  5251 | D:5      | Reached skill level 10 in Axes
  5328 | D:5      | Identified the +4 ring mail of Asmahik {rC+ Str+4}
  6251 | D:5      | Reached skill level 11 in Axes
  6412 | D:6      | Found an opulent altar of Gozag.
  6479 | D:6      | Found a white marble altar of Elyvilon.
  6481 | D:6      | Noticed Maggie
  6491 | D:6      | Killed Maggie
  6492 | D:6      | Reached XP level 8. HP: 29/66 MP: 1/7
  6492 | D:6      | You fall into a shaft and drop 2 floors!
  6750 | D:8      | Reached skill level 12 in Axes
  6994 | D:7      | Noticed Prince Ribbit
  7016 | D:7      | Killed Prince Ribbit
  7017 | D:7      | Reached skill level 13 in Axes
  7142 | D:7      | Found an ornate altar of the Wu Jian Council.
  7323 | D:6      | Noticed Pikel
  7333 | D:6      | Killed Pikel
  7334 | D:6      | Reached skill level 14 in Axes
  7334 | D:6      | Reached skill level 1 in Bows
  7334 | D:6      | Reached XP level 9. HP: 71/71 MP: 4/8
  8081 | D:7      | Reached skill level 1 in Polearms
  8189 | D:7      | Reached **** piety under Trog
  8758 | D:8      | Noticed Psyche
  8944 | D:8      | Killed Psyche
  9170 | D:8      | Reached skill level 15 in Axes
  9234 | D:8      | Found a bloodstained altar of Trog.
 10068 | D:8      | Found a hazy altar of Hepliaklqana.
 10068 | D:8      | Found an iron altar of Okawaru.
 10073 | D:8      | Found a sacrificial altar of Ru.
 10074 | D:8      | Found a sparkling altar of Nemelex Xobeh.
 10141 | D:8      | Reached XP level 10. HP: 48/77 MP: 9/9
 10627 | D:9      | Noticed Erolcha
 10645 | D:10     | Entered Level 10 of the Dungeon
 10645 | D:10     | Found a shadowy altar of Dithmenos.
 10651 | D:10     | Killed Erolcha
 10869 | D:10     | Reached skill level 5 in Armour
 11127 | D:10     | HP: 3/78 [poisoned by a gnoll sergeant]
 11129 | D:10     | HP: 1/78 [poisoned by a gnoll sergeant]
 11951 | D:10     | Noticed a cyclops
 11953 | D:10     | Noticed a deep elf pyromancer
 11954 | D:10     | Killed a cyclops
 11957 | D:10     | Killed a deep elf pyromancer
 11990 | D:10     | Noticed an obsidian statue
 11998 | D:10     | Gained mutation: You are occasionally teleported next to
                  | monsters. [a neqoxec]
 12000 | D:10     | Gained mutation: You are clumsy. (Dex -2) [a neqoxec]
 12008 | D:10     | Gained mutation: You are very clumsy. (Dex -4) [a neqoxec]
 12010 | D:10     | Gained mutation: You tend to lose your temper in combat. [a
                  | neqoxec]
 12555 | D:10     | Reached skill level 10 in Armour
 12570 | D:9      | Slain by a yak

Illustrated notes

Levels and vault maps discovered:
D:1:      tarquinn_simple_flora_water_a, layout_loops_ring
D:2:      layout_loops_ring, ebering_ecumenical_altar_sacrificial,
          minmay_misc_feat_more_columns, uniq_robin
D:3:      layout_basic, minmay_misc_feat_secret_circle, minmay_misc_feat_columns
D:4:      layout_loops_ring, cheibrodos_sewer_entry_sluice
D:5:      layout_layer_cave, minmay_temple_entry_stoned_glass, uniq_eustachio
D:6:      layout_basic, elyvilon_altar_5,
          nicolae_gozag_cash_rules_everything_around_me, uniq_pikel, uniq_maggie
D:7:      layout_loops_ring, mainiacjoe_overflow_concentric_impassable,
          uniq_prince_ribbit1
D:8:      layout_basic, trog_hazing_becter, grunt_temple_overflow_open,
          uniq_psyche
D:9:      minmay_chambers_of_sevens, layout_basic, orc_0_dummy,
          bh_circular_ruins, uniq_erolcha
D:10:     layout_layer_cave, grunt_dithmenos_smoke, serial_shops,
          kennysheep_mini, nicolae_water_bricks, minivault_16, minmay_checkerbox

Skill      XL: |  1  2  3  4  5  6  7  8  9 10 |
---------------+-------------------------------+-----
Fighting       | 4 |  4.1
Axes           | 4 5 6 7 9 11 14 15 | 15.9
Shields        | 1 |  1.2
Bows           | 1 2 |  2.0
Polearms       | 1 |  1.0
Armour         | 10 | 10.1
Short Blades   | |  0.8
Long Blades    | |  0.7
Staves         | |  0.7
Slings         | |  0.8
Crossbows      | |  0.7
Throwing       | |  0.5
Dodging        | |  2.4
Stealth        | |  0.1
Unarmed Combat | |  0.6
Invocations    | |  0.5
Evocations     | |  0.4

Action                   |  1- 3 |  4- 6 |  7- 9 | 10-12 || total
-------------------------+-------+-------+-------+-------++-------
Melee: Hand axe          |    51 |   113 |   107 |       ||   271
       Headbutt          |     9 |    15 |    60 |    28 ||   112
       War axe           |       |       |   194 |   120 ||   314
Invok: Berserk           |     1 |     1 |     2 |     4 ||     8
       Trog's Hand       |       |       |     1 |       ||     1
  Use: Scroll            |       |       |     2 |     4 ||     6
Armor: Animal skin       |     3 |       |       |       ||     3
       Ring mail         |    17 |    18 |    71 |       ||   106
       Chain mail        |       |    27 |    35 |       ||    62
       Plate armour      |       |       |     6 |    46 ||    52
Dodge: Dodged            |    23 |    25 |    57 |    14 ||   119
Block: Tower shield      |    24 |    98 |   256 |   107 ||   485
       Reflection        |       |       |     5 |    14 ||    19
